 Dungeon Crawl Stone Soup version 0.17.1-3-g152610e (webtiles) character file.

112 imbaray the Insei (level 4, -1/24 HPs)
             Began as a Vine Stalker Monk on Mar 28, 2016.
             Was a Believer of Qazlal.
             Slain by a hound (2 damage)
             ... on level 4 of the Dungeon.
             The game lasted 00:10:23 (2451 turns).

imbaray the Insei (Vine Stalker Monk)               Turns: 2451, Time: 00:10:24

Health: -1/24      AC:  2    Str: 13    XL:     4   Next: 95%
Magic:  0/5        EV: 14    Int: 10    God:    Qazlal [**....]
Gold:   218        SH:  2    Dex: 18    Spells: 0 memorised, 3 levels left

rFire  + . .     SeeInvis .       - Unarmed
rCold  . . .     Clarity  .     p - +0 robe
rNeg   . . .     SustAt   .     (no shield)
rPois  .         Gourm    .     (no helmet)
rElec  .         Spirit   +     (no cloak)
rCorr  .         Warding  .     (no gloves)
rMut   .         Stasis   .     (no boots)
MR     .....                    (no amulet)
Stlth  ++........               (no ring)
                                n - ring of protection from fire

@: not resistant to hostile enchantments, unstealthy
A: fangs 2, regeneration 1, magic shield, antimagic bite, no device heal 3, rot
immunity
a: Upheaval, Renounce Religion


You were on level 4 of the Dungeon.
You worshipped Qazlal.
Qazlal was pleased with you.
You were not hungry.

You visited 1 branch of the dungeon, and saw 4 of its levels.

You collected 218 gold pieces.

Inventory:

Armour
 a - a +0 robe
 p - a +0 robe (worn)
Jewellery
 n - a ring of protection from fire (left hand)
Scrolls
 d - 3 scrolls of recharging {unknown}
 e - 4 scrolls of identify
 g - a scroll of immolation {unknown}
 h - a scroll of fog {unknown}
 j - a scroll of amnesia
 k - 3 scrolls of remove curse
 o - a scroll of enchant weapon {unknown}
Potions
 f - 3 potions of resistance {unknown}
 l - a potion of degeneration {unknown}
 m - a potion of poison {unknown}
Comestibles
 b - a bread ration
 c - 2 meat rations
 i - 4 slices of pizza


   Skills:
 + Level 3.5 Fighting
 + Level 3.1 Dodging
 + Level 3.4 Stealth
 + Level 4.5 Unarmed Combat


You had 3 spell levels left.
You didn't know any spells.

Dungeon Overview and Level Annotations

Branches:
Dungeon (4/15)
 Temple: D:4-7

Altars:
Cheibriados
Fedhas
Okawaru
Qazlal
Yredelemnul

Annotations:
D:1 Terence


Innate Abilities, Weirdness & Mutations

You have extremely sharp teeth.
Your natural rate of healing is unusually fast.
When hurt, damage is shared between your health and your magic reserves.
Your bite disrupts and absorbs the magic of your enemies.
Potions and wands cannot restore your health.
You are immune to rotting.


Message History

The worker ant is heavily wounded.
The hound closely misses you. The worker ant closely misses you.
You hit the worker ant.
The worker ant is heavily wounded.
The hound bites you. You block the worker ant's attack.
The hound stops to sniff the ground.
The hound bites you.
You hit the worker ant.
The worker ant is almost dead.
The worker ant bites you but does no damage.
The orc completely misses you. The hound closely misses you.
You hit the worker ant but do no damage.
You bite the worker ant, but do no damage.
The worker ant is almost dead.
The hound bites you.
* * * LOW HITPOINT WARNING * * *
The worker ant bites you.
* * * LOW HITPOINT WARNING * * *
The orc barely misses you. The hound bites you.
You die...

##### . #...# ..
#.#.# # ...
#.#.####.# ....
#.#......# #...
#.....(####
#....#.h........
#.a@o.#...##
####..# .#
#..$.. ##(##..#
.!# .# ##. # .#
.#


You could see a hound, a worker ant and an orc.

Vanquished Creatures
  Ijyb (D:2)
  3 adders
  2 oozes
  A giant gecko (D:2)
  An orc (D:3)
  5 giant cockroaches
  8 goblins
  4 hobgoblins
  4 kobolds
  3 quokkas
  8 bats
  2 giant newts
  A jackal skeleton (D:3)
  3 rats
  A spectral orc (D:3)
47 creatures vanquished.

Notes
Turn   | Place    | Note
--------------------------------------------------------------
     0 | D:1      | imbaray the Vine Stalker Monk began the quest for the Orb.
     0 | D:1      | Reached XP level 1. HP: 11/11 MP: 2/2
   171 | D:1      | Found a snail-covered altar of Cheibriados.
   218 | D:1      | Reached XP level 2. HP: 16/16 MP: 3/3
   743 | D:2      | Noticed Ijyb
   758 | D:2      | Killed Ijyb
   758 | D:2      | Reached XP level 3. HP: 8/20 MP: 4/4
   819 | D:2      | Found a blossoming altar of Fedhas.
  1103 | D:2      | Reached XP level 4. HP: 24/24 MP: 5/5
  1508 | D:2      | Noticed Terence
  2152 | D:3      | Found an iron altar of Okawaru.
  2194 | D:3      | Found a snail-covered altar of Cheibriados.
  2196 | D:3      | Found a stormy altar of Qazlal.
  2204 | D:3      | Became a worshipper of Qazlal Stormbringer
  2204 | D:3      | Reached * piety under Qazlal
  2204 | D:3      | Reached ** piety under Qazlal
  2311 | D:3      | Found a basalt altar of Yredelemnul.
  2451 | D:4      | HP: 1/24 [worker ant (5)]
  2451 | D:4      | Slain by a hound

Action                   |  1- 3 |  4- 6 || total
-------------------------+-------+-------++-------
Melee: Unarmed           |    58 |   100 ||   158
  Use: Scroll            |       |     3 ||     3
       Potion            |       |     1 ||     1
 Stab: Sleeping          |     7 |     7 ||    14
  Eat: Chunk             |       |     2 ||     2
       Bread ration      |       |     1 ||     1
